Unix NetHack Version 5.0.0-0 post-release - last build May 23 2026 06:08:33 (1c0ff79ee797540d5714e4e18072db0edd9e58ae,branch:main).

Game began 2026-05-27 09:23:07, ended 2026-05-27 10:14:51.

FutureTim, lawful female human Valkyrie

                            -----
                            |>..|
           --------         |...|
           |%[)!(?|        #.....#
           |.*%+[/|        #-----#
           |......|        #    ##
           ----|---      ###    #
               ##       ##      #
                #    ############
                ##      #       ###       ##
                 #     ##       #----.-----.-
                 #     #        #|........B@f####
                 #     #        #|.(........|   ##
           ------.--####        #.....<.....|
           |........#       0#   |..........|
           |.......|      ###    ------------
           |.......|  #####
           |........###
           ---------

FutureTim the Skirmisher    St:15 Dx:15 Co:18 In:8 Wi:9 Ch:11  Lawful
Dlvl:3  $:34 HP:0(49) Pw:9(9) AC:7  Xp:4 T:998 

Latest messages:
 You see here an unlabeled scroll (for sale, 80 zorkmids).
 You see here a credit card (for sale, 10 zorkmids).
 You see here an effervescent potion (for sale, 150 zorkmids).
 You see here a dagger (for sale, 4 zorkmids).
 You see here a pair of snow boots (for sale, 30 zorkmids).
 You see here a food ration (for sale, 45 zorkmids).
 You bought a lamp for 10 gold pieces.
 "Thank you for shopping in Asidonhopo's general store!"
 You see here a food ration.
 You learn more about your items by comparing them.
 d - an uncursed food ration (4 in total).
 You swap places with your kitten.
 You see here 13 gold pieces.
 $ - 13 gold pieces (34 in total).
 You are beginning to feel hungry.
 What do you want to eat? [d or ?*] d
 This food really hits the spot!
 You finish eating the food ration.
 You find a hidden door.
 This door is locked.
 This door is locked.
 This door is locked.
 That door is closed.
 This door is locked.
 This door is locked.
 This door is locked.
 This door is locked.
 In what direction? 6
 As you kick the door, it crashes open!
 You hear the chime of a cash register.
 The door opens.
 You miss the giant bat.
 The giant bat bites!
 You hit the giant bat.
 The giant bat bites!
 The giant bat bites!
 You miss the giant bat.
 The giant bat bites!
 The giant bat bites!
 You miss the giant bat.
 The giant bat bites!
 The giant bat bites!
 You miss the giant bat.
 The giant bat bites!
 The giant bat bites!
 You miss the giant bat.
 The giant bat bites!
 The giant bat bites!
 You die...
 Do you want your possessions identified? [ynq] (y) q

Inventory:
 Coins    ('$')
  $ - 34 gold pieces
 Weapons  (')')
  b - a +0 dagger (alternate weapon; not wielded)
  a - a +1 spear (weapon in right hand)
 Armor    ('[')
  e - a cursed -2 pair of jumping boots (being worn)
  c - an uncursed +3 small shield (being worn)
 Comestibles  ('%')
  d - 3 uncursed food rations
 Spellbooks  ('+')
  i - an uncursed spellbook of cure sickness
  h - an uncursed spellbook of extra healing
 Potions  ('!')
  j - an uncursed potion of gain ability
  f - an uncursed potion of paralysis
 Rings    ('=')
  k - an uncursed ring of poison resistance
 Tools    ('(')
  g - an uncursed oil lamp

FutureTim the Valkyrie's attributes:

Background:
 You were a Skirmisher, a level 4 human Valkyrie.
 You were lawful, on a mission for Tyr
 who was opposed by Odin (neutral) and Loki (chaotic).
 You were right-handed.
 You were in the Dungeons of Doom, on level 3.
 You entered the dungeon 998 turns ago.
 You had 105 experience points, 55 more were needed to attain level 5.

Basics:
 You had 0 out of 49 hit points.
 You had all 9 energy points (spell power).
 Your armor class was 7.
 Your wallet contained 34 zorkmids.
 Autopickup was off.

Final Characteristics:
 Your strength was 15 (limit:18/100).
 Your dexterity was 15 (limit:18).
 Your constitution was 18 (limit:18).
 Your intelligence was 8 (limit:18).
 Your wisdom was 9 (limit:18).
 Your charisma was 11 (limit:18).

Final Status:
 You weren't hungry.
 You were unencumbered.
 You were wielding a spear.
 You had basic skill with spear.

Final Attributes:
 You were devoutly aligned.
 You were cold resistant.
 You were stealthy.
 You could jump.
 You are dead.

Miscellaneous:
 You didn't encounter any bones levels.
 Total elapsed playing time was 44 minutes and 9 seconds.

Major events:
 Turn
    1: FutureTim the lawful human Valkyrie entered the dungeon
  289: attained the rank of Skirmisher (level 3)
  998: killed by a giant bat

You didn't know any spells.

Skills:
 Fighting Skills
   bare handed combat [Unskilled]
   two weapon combat  [Unskilled]
   riding             [Unskilled]
 Weapon Skills
   dagger             [Basic]
   axe                [Unskilled]
   pick-axe           [Unskilled]
   short sword        [Unskilled]
   broadsword         [Unskilled]
   long sword         [Unskilled]
   two-handed sword   [Unskilled]
   saber              [Unskilled]
   hammer             [Unskilled]
   quarterstaff       [Unskilled]
   polearms           [Unskilled]
   spear              [Basic]
   trident            [Unskilled]
   lance              [Unskilled]
   sling              [Unskilled]
 Spellcasting Skills
   attack spells      [Unskilled]
   escape spells      [Unskilled]

Voluntary challenges:
 Character rerolling was not enabled.
 You followed a strict vegan diet.
 You were an atheist.
 You never genocided any monsters.
 You never polymorphed an object.
 You never changed form.
 You used no wishes.
Achievements:
 You attained the rank of Skirmisher.
 You entered a shop.

 The Dungeons of Doom: levels 1 to 3
    Level 1:
       A fountain.
    Level 2:
       A general store.
    Level 3: <- You were here.
       A general store.
       Final resting place for
          you, killed by a giant bat.


Vanquished creatures:
  a small mimic
 an iguana
  a gas spore
  2 giant rats
  a brown mold
  a jackal
  2 kobolds
  4 goblins
  3 grid bugs
  2 lichens
  2 newts
20 creatures vanquished.

No species were genocided or became extinct.

Game over:
                       ----------
                      /          \
                     /    REST    \
                    /      IN      \
                   /     PEACE      \
                  /                  \
                  |    FutureTim     |
                  |      34 Au       |
                  |   killed by a    |
                  |    giant bat     |
                  |                  |
                  |                  |
                  |       2026       |
                 *|     *  *  *      | *
        _________)/\\_//(\/(/\)/\//\/|_)_______

Farvel FutureTim the Valkyrie...

You died in The Dungeons of Doom on dungeon level 3 with 551 points,
and 34 pieces of gold, after 998 moves.
You were level 4 with a maximum of 49 hit points when you died.

